%YAML 1.1
%TAG !u! tag:unity3d.com,2011:
--- !u!1 &5910596729111963886
GameObject:
  m_ObjectHideFlags: 0
  m_CorrespondingSourceObject: {fileID: 0}
  m_PrefabInstance: {fileID: 0}
  m_PrefabAsset: {fileID: 0}
  serializedVersion: 6
  m_Component:
  - component: {fileID: 1601171309614733590}
  - component: {fileID: 8719152850421426692}
  - component: {fileID: 1537992673501928740}
  - component: {fileID: 7492392352791175639}
  - component: {fileID: 2065744849}
  - component: {fileID: -2948808326738894342}
  m_Layer: 13
  m_Name: God
  m_TagString: Untagged
  m_Icon: {fileID: 0}
  m_NavMeshLayer: 0
  m_StaticEditorFlags: 0
  m_IsActive: 1
--- !u!4 &1601171309614733590
Transform:
  m_ObjectHideFlags: 0
  m_CorrespondingSourceObject: {fileID: 0}
  m_PrefabInstance: {fileID: 0}
  m_PrefabAsset: {fileID: 0}
  m_GameObject: {fileID: 5910596729111963886}
  m_LocalRotation: {x: 0, y: 0, z: 0, w: 1}
  m_LocalPosition: {x: 0, y: 0, z: 0}
  m_LocalScale: {x: 2, y: 3, z: 2}
  m_Children:
  - {fileID: 6880869113860574461}
  m_Father: {fileID: 0}
  m_RootOrder: 0
  m_LocalEulerAnglesHint: {x: 0, y: 0, z: 0}
--- !u!33 &8719152850421426692
MeshFilter:
  m_ObjectHideFlags: 0
  m_CorrespondingSourceObject: {fileID: 0}
  m_PrefabInstance: {fileID: 0}
  m_PrefabAsset: {fileID: 0}
  m_GameObject: {fileID: 5910596729111963886}
  m_Mesh: {fileID: -6059367073058583169, guid: ce33189be2808fa43af39b2e1866727c, type: 3}
--- !u!23 &1537992673501928740
MeshRenderer:
  m_ObjectHideFlags: 0
  m_CorrespondingSourceObject: {fileID: 0}
  m_PrefabInstance: {fileID: 0}
  m_PrefabAsset: {fileID: 0}
  m_GameObject: {fileID: 5910596729111963886}
  m_Enabled: 1
  m_CastShadows: 1
  m_ReceiveShadows: 1
  m_DynamicOccludee: 1
  m_MotionVectors: 1
  m_LightProbeUsage: 1
  m_ReflectionProbeUsage: 1
  m_RayTracingMode: 2
  m_RayTraceProcedural: 0
  m_RenderingLayerMask: 1
  m_RendererPriority: 0
  m_Materials:
  - {fileID: 2100000, guid: 7e8ae9e927351714abcae45577f874a7, type: 2}
  m_StaticBatchInfo:
    firstSubMesh: 0
    subMeshCount: 0
  m_StaticBatchRoot: {fileID: 0}
  m_ProbeAnchor: {fileID: 0}
  m_LightProbeVolumeOverride: {fileID: 0}
  m_ScaleInLightmap: 1
  m_ReceiveGI: 1
  m_PreserveUVs: 0
  m_IgnoreNormalsForChartDetection: 0
  m_ImportantGI: 0
  m_StitchLightmapSeams: 1
  m_SelectedEditorRenderState: 3
  m_MinimumChartSize: 4
  m_AutoUVMaxDistance: 0.5
  m_AutoUVMaxAngle: 89
  m_LightmapParameters: {fileID: 0}
  m_SortingLayerID: 0
  m_SortingLayer: 0
  m_SortingOrder: 0
  m_AdditionalVertexStreams: {fileID: 0}
--- !u!136 &7492392352791175639
CapsuleCollider:
  m_ObjectHideFlags: 0
  m_CorrespondingSourceObject: {fileID: 0}
  m_PrefabInstance: {fileID: 0}
  m_PrefabAsset: {fileID: 0}
  m_GameObject: {fileID: 5910596729111963886}
  m_Material: {fileID: 0}
  m_IsTrigger: 0
  m_Enabled: 1
  m_Radius: 0.5000001
  m_Height: 2
  m_Direction: 1
  m_Center: {x: 0.000000059604645, y: 0, z: -0.00000008940697}
--- !u!136 &2065744849
CapsuleCollider:
  m_ObjectHideFlags: 0
  m_CorrespondingSourceObject: {fileID: 0}
  m_PrefabInstance: {fileID: 0}
  m_PrefabAsset: {fileID: 0}
  m_GameObject: {fileID: 5910596729111963886}
  m_Material: {fileID: 0}
  m_IsTrigger: 1
  m_Enabled: 1
  m_Radius: 1.33
  m_Height: 2.94
  m_Direction: 1
  m_Center: {x: 0.000000059604645, y: 0, z: -0.00000008940697}
--- !u!114 &-2948808326738894342
MonoBehaviour:
  m_ObjectHideFlags: 0
  m_CorrespondingSourceObject: {fileID: 0}
  m_PrefabInstance: {fileID: 0}
  m_PrefabAsset: {fileID: 0}
  m_GameObject: {fileID: 5910596729111963886}
  m_Enabled: 1
  m_EditorHideFlags: 0
  m_Script: {fileID: 11500000, guid: 83183ea66dcf30046a927bb2d06dc12b, type: 3}
  m_Name: 
  m_EditorClassIdentifier: 
  autoRecycle: 0
  recycleTime: 0.2
--- !u!1001 &904483537
PrefabInstance:
  m_ObjectHideFlags: 0
  serializedVersion: 2
  m_Modification:
    m_TransformParent: {fileID: 1601171309614733590}
    m_Modifications:
    - target: {fileID: 1753120575438061945, guid: 89b347d46d563a44f8f1c5f62001aa90, type: 3}
      propertyPath: playOnAwake
      value: 0
      objectReference: {fileID: 0}
    - target: {fileID: 6880869113156215444, guid: 89b347d46d563a44f8f1c5f62001aa90, type: 3}
      propertyPath: playOnAwake
      value: 0
      objectReference: {fileID: 0}
    - target: {fileID: 6880869113156839200, guid: 89b347d46d563a44f8f1c5f62001aa90, type: 3}
      propertyPath: playOnAwake
      value: 0
      objectReference: {fileID: 0}
    - target: {fileID: 6880869113272719709, guid: 89b347d46d563a44f8f1c5f62001aa90, type: 3}
      propertyPath: playOnAwake
      value: 0
      objectReference: {fileID: 0}
    - target: {fileID: 6880869113285747426, guid: 89b347d46d563a44f8f1c5f62001aa90, type: 3}
      propertyPath: playOnAwake
      value: 0
      objectReference: {fileID: 0}
    - target: {fileID: 6880869113301034245, guid: 89b347d46d563a44f8f1c5f62001aa90, type: 3}
      propertyPath: playOnAwake
      value: 0
      objectReference: {fileID: 0}
    - target: {fileID: 6880869113410342802, guid: 89b347d46d563a44f8f1c5f62001aa90, type: 3}
      propertyPath: playOnAwake
      value: 0
      objectReference: {fileID: 0}
    - target: {fileID: 6880869113505553953, guid: 89b347d46d563a44f8f1c5f62001aa90, type: 3}
      propertyPath: m_Name
      value: "vfx_\u5973\u795E\u50CF\u56DE\u5FA9"
      objectReference: {fileID: 0}
    - target: {fileID: 6880869113505553955, guid: 89b347d46d563a44f8f1c5f62001aa90, type: 3}
      propertyPath: playOnAwake
      value: 0
      objectReference: {fileID: 0}
    - target: {fileID: 6880869113505553964, guid: 89b347d46d563a44f8f1c5f62001aa90, type: 3}
      propertyPath: m_RootOrder
      value: 0
      objectReference: {fileID: 0}
    - target: {fileID: 6880869113505553964, guid: 89b347d46d563a44f8f1c5f62001aa90, type: 3}
      propertyPath: m_LocalPosition.x
      value: 0
      objectReference: {fileID: 0}
    - target: {fileID: 6880869113505553964, guid: 89b347d46d563a44f8f1c5f62001aa90, type: 3}
      propertyPath: m_LocalPosition.y
      value: 0
      objectReference: {fileID: 0}
    - target: {fileID: 6880869113505553964, guid: 89b347d46d563a44f8f1c5f62001aa90, type: 3}
      propertyPath: m_LocalPosition.z
      value: 0
      objectReference: {fileID: 0}
    - target: {fileID: 6880869113505553964, guid: 89b347d46d563a44f8f1c5f62001aa90, type: 3}
      propertyPath: m_LocalRotation.w
      value: 1
      objectReference: {fileID: 0}
    - target: {fileID: 6880869113505553964, guid: 89b347d46d563a44f8f1c5f62001aa90, type: 3}
      propertyPath: m_LocalRotation.x
      value: 0
      objectReference: {fileID: 0}
    - target: {fileID: 6880869113505553964, guid: 89b347d46d563a44f8f1c5f62001aa90, type: 3}
      propertyPath: m_LocalRotation.y
      value: 0
      objectReference: {fileID: 0}
    - target: {fileID: 6880869113505553964, guid: 89b347d46d563a44f8f1c5f62001aa90, type: 3}
      propertyPath: m_LocalRotation.z
      value: 0
      objectReference: {fileID: 0}
    - target: {fileID: 6880869113505553964, guid: 89b347d46d563a44f8f1c5f62001aa90, type: 3}
      propertyPath: m_LocalEulerAnglesHint.x
      value: 0
      objectReference: {fileID: 0}
    - target: {fileID: 6880869113505553964, guid: 89b347d46d563a44f8f1c5f62001aa90, type: 3}
      propertyPath: m_LocalEulerAnglesHint.y
      value: 0
      objectReference: {fileID: 0}
    - target: {fileID: 6880869113505553964, guid: 89b347d46d563a44f8f1c5f62001aa90, type: 3}
      propertyPath: m_LocalEulerAnglesHint.z
      value: 0
      objectReference: {fileID: 0}
    - target: {fileID: 6880869113569874568, guid: 89b347d46d563a44f8f1c5f62001aa90, type: 3}
      propertyPath: playOnAwake
      value: 0
      objectReference: {fileID: 0}
    - target: {fileID: 6880869113816759249, guid: 89b347d46d563a44f8f1c5f62001aa90, type: 3}
      propertyPath: playOnAwake
      value: 0
      objectReference: {fileID: 0}
    - target: {fileID: 6880869113887017560, guid: 89b347d46d563a44f8f1c5f62001aa90, type: 3}
      propertyPath: playOnAwake
      value: 0
      objectReference: {fileID: 0}
    - target: {fileID: 6880869113926882497, guid: 89b347d46d563a44f8f1c5f62001aa90, type: 3}
      propertyPath: playOnAwake
      value: 0
      objectReference: {fileID: 0}
    - target: {fileID: 6880869114058993207, guid: 89b347d46d563a44f8f1c5f62001aa90, type: 3}
      propertyPath: playOnAwake
      value: 0
      objectReference: {fileID: 0}
    - target: {fileID: 6880869114543719762, guid: 89b347d46d563a44f8f1c5f62001aa90, type: 3}
      propertyPath: playOnAwake
      value: 0
      objectReference: {fileID: 0}
    - target: {fileID: 6880869114761283551, guid: 89b347d46d563a44f8f1c5f62001aa90, type: 3}
      propertyPath: playOnAwake
      value: 0
      objectReference: {fileID: 0}
    - target: {fileID: 6880869114761283551, guid: 89b347d46d563a44f8f1c5f62001aa90, type: 3}
      propertyPath: ShapeModule.radius.value
      value: 0.0001
      objectReference: {fileID: 0}
    - target: {fileID: 6880869114814465752, guid: 89b347d46d563a44f8f1c5f62001aa90, type: 3}
      propertyPath: playOnAwake
      value: 0
      objectReference: {fileID: 0}
    - target: {fileID: 6880869114833570805, guid: 89b347d46d563a44f8f1c5f62001aa90, type: 3}
      propertyPath: playOnAwake
      value: 0
      objectReference: {fileID: 0}
    - target: {fileID: 6880869114879469637, guid: 89b347d46d563a44f8f1c5f62001aa90, type: 3}
      propertyPath: playOnAwake
      value: 0
      objectReference: {fileID: 0}
    - target: {fileID: 6880869114931339090, guid: 89b347d46d563a44f8f1c5f62001aa90, type: 3}
      propertyPath: playOnAwake
      value: 0
      objectReference: {fileID: 0}
    - target: {fileID: 6880869114931339090, guid: 89b347d46d563a44f8f1c5f62001aa90, type: 3}
      propertyPath: ShapeModule.radius.value
      value: 0.0001
      objectReference: {fileID: 0}
    - target: {fileID: 6880869115053787612, guid: 89b347d46d563a44f8f1c5f62001aa90, type: 3}
      propertyPath: playOnAwake
      value: 0
      objectReference: {fileID: 0}
    - target: {fileID: 6880869115156063251, guid: 89b347d46d563a44f8f1c5f62001aa90, type: 3}
      propertyPath: playOnAwake
      value: 0
      objectReference: {fileID: 0}
    m_RemovedComponents:
    - {fileID: -7298568199392427034, guid: 89b347d46d563a44f8f1c5f62001aa90, type: 3}
    - {fileID: 2126066878685363558, guid: 89b347d46d563a44f8f1c5f62001aa90, type: 3}
    - {fileID: -5102963957638044353, guid: 89b347d46d563a44f8f1c5f62001aa90, type: 3}
    - {fileID: -3147942164157031399, guid: 89b347d46d563a44f8f1c5f62001aa90, type: 3}
    - {fileID: -15077940367757243, guid: 89b347d46d563a44f8f1c5f62001aa90, type: 3}
  m_SourcePrefab: {fileID: 100100000, guid: 89b347d46d563a44f8f1c5f62001aa90, type: 3}
--- !u!4 &6880869113860574461 stripped
Transform:
  m_CorrespondingSourceObject: {fileID: 6880869113505553964, guid: 89b347d46d563a44f8f1c5f62001aa90, type: 3}
  m_PrefabInstance: {fileID: 904483537}
  m_PrefabAsset: {fileID: 0}
